 Dungeon Crawl Stone Soup version 0.29-a0-994-gc5c9f59d18 (webtiles) character file.

Game seed: 3830119961782597908

3133 Asher535 the Cleaver (level 9, -3/82 HPs)
             Began as a Minotaur Berserker on Aug 3, 2022.
             Was a Believer of Trog.
             Slain by a shadow (4 damage)
             ... on level 7 of the Dungeon.
             The game lasted 00:19:25 (9737 turns).

Asher535 the Cleaver (Minotaur Berserker)           Turns: 9737, Time: 00:19:25

Health: -3/82      AC: 11    Str: 26    XL:     9   Next: 61%
Magic:  8/8        EV: 10    Int:  4    God:    Trog [**....]
Gold:   384        SH:  5    Dex: 10    Spells: 8/8 levels left

rFire   + . .      SeeInvis .   v - +0 war axe
rCold   . . .      Faith    .   (no shield)
rNeg    . . .      Spirit   .   k - +0 scale mail
rPois   .          Reflect  +   (helmet restricted)
rElec   .          Harm     .   C - +0 cloak
rCorr   .          Rampage  .   w - +0 pair of gloves
Will    .....                   (no boots)
Stlth   ..........              y - amulet of reflection
HPRegen 0.23/turn               c - ring of protection from fire
MPRegen 0.11/turn               (no ring)

@: on berserk cooldown, slowed, very slow
A: horns 2, retaliatory headbutt
a: Renounce Religion, Berserk, Trog's Hand


You were on level 7 of the Dungeon.
You worshipped Trog.
Trog was pleased with you.
You visited 1 branch of the dungeon, and saw 7 of its levels.

You collected 384 gold pieces.

Inventory:

Hand Weapons
 a - a +0 hand axe
 v - a +0 war axe (weapon)
Armour
 b - a +0 animal skin
 d - a +0 leather armour
 k - a +0 scale mail (worn)
 u - a +0 ring mail
 w - a +0 pair of gloves (worn)
 C - a +0 cloak (worn)
Jewellery
 c - a ring of protection from fire (left hand)
 p - a ring of resist corrosion
 q - a +6 ring of intelligence
 y - an amulet of reflection (around neck)
Wands
 t - a wand of digging (6)
Scrolls
 e - 2 scrolls of vulnerability
 i - 2 scrolls of fear
 j - 2 scrolls of butterflies
 l - 2 scrolls of torment {unknown}
 m - a scroll of amnesia {unknown}
 n - a scroll of enchant weapon {unknown}
 o - a scroll of enchant armour {unknown}
 r - a scroll of teleportation {unknown}
 z - a scroll of magic mapping {unknown}
 B - a scroll of noise {unknown}
 F - a scroll of blinking {unknown}
Potions
 f - 3 potions of lignification
 g - a potion of mutation
 s - a potion of curing
 x - a potion of flight {unknown}
 A - a potion of ambrosia {unknown}
 D - a potion of attraction {unknown}
 E - a potion of berserk rage {unknown}


   Skills:
 + Level 8.9 Fighting
 + Level 8.9 Axes
 + Level 8.5 Armour
 - Level 2.1 Dodging
 + Level 8.0 Shields


You had 8 spell levels left.
You didn't know any spells.
Your spell library was empty.

Dungeon Overview and Level Annotations

Branches:
Dungeon (7/15)             Temple (0/1) D:7

Altars:
Cheibriados
Hepliaklqana
Makhleb
Qazlal
Uskayaw


Innate Abilities, Weirdness & Mutations

You have a pair of horns on your head.
You reflexively headbutt those who attack you in melee.


Message History

You closely miss the wraith.
The wraith is heavily damaged.
The wraith hits you.
* * * LOW HITPOINT WARNING * * *
The wraith drains your vigour!
You feel as though you will be slow longer.
You slash the wraith! You headbutt the wraith.
The wraith is almost destroyed.
You feel the effects of Trog's Hand fading.
The wraith hits you!
* * * LOW HITPOINT WARNING * * *
The wraith drains your vigour!
You feel as though you will be slow longer.
You barely miss the wraith.
The wraith is almost destroyed.
The wraith hits you.
* * * LOW HITPOINT WARNING * * *
The wraith drains your vigour!
You feel as though you will be slow longer.
You closely miss the wraith. Your headbutt misses the wraith.
The wraith is almost destroyed.
The wraith closely misses you.
A shadow comes into view.
You slash the wraith!
You destroy the wraith!
Trog accepts your kill.
Your Shields skill increases to level 8!
You are no longer berserk.
You are exhausted.
You feel as though you will be slow longer.
Your skin stops crawling.
You feel less strong-willed.
The shadow slips into darkness.
The shadow flickers and vanishes!
Deactivating autopickup; reactivate with Ctrl-A.
The shadow strikes at you from the darkness!
* * * LOW HITPOINT WARNING * * *
Reactivating autopickup.
As you read the scroll of summoning, it crumbles to dust.
Wisps of shadow whirl around you... The shadow hits you.
You die...

##≈§§#.≈≈##........)....
##≈§.§≈##.....#####)###
##≈.≈##......#####'###
##'##...........)....
#o.................. #.
#.............8.8.8.
#..##########...o..........⌠.⌠..
#...#.......oDo.........8.>.8.
#.....#####.W@.J.........⌠.⌠..
#...### ###########...8.8.8.
#..### #......... #. #.........
##########


You could see a shadow (ally target), a friendly steam dragon (summoned), a
friendly orc warrior (summoned), a friendly jelly (summoned) and 3 friendly
orcs.

Vanquished Creatures
  Pikel (D:7)
  A slime creature (D:7)
  4 wraiths
  A steam dragon (D:7)
  2 orc warriors
  An ice beast (D:6)
  A black bear (D:5)
  2 ogres
  A centaur (D:6)
  A bullfrog (D:7)
  A kobold brigand (D:7)
  A necrophage (D:6)
  A scorpion (D:4)
  A howler monkey (D:7)
  A lava snake (D:7)
  5 jellies
  2 orc priests
  5 iguanas
  Ijyb (D:4)
  2 orc wizards
  4 gnolls (D:2)
  10 adders
  A shadow imp (D:7)
  A white imp (D:6)
  3 ufetubi
  A worm (D:4)
  3 dart slugs
  18 orcs
  7 bats
  8 endoplasms
  6 giant cockroaches
  13 goblins
  6 hobgoblins
  3 jackals (D:4)
  5 quokkas
  7 ball pythons
  4 frilled lizards
  10 kobolds
  7 rats
152 creatures vanquished.

Vanquished Creatures (collateral kills)
  A sky beast (D:6)
1 creature vanquished.

Grand Total: 153 creatures vanquished

Notes
Turn   | Place    | Note
-------+----------+-------------------------------------------
     0 | D:1      | Asher535 the Minotaur Berserker began the quest for the
                  | Orb.
     0 | D:1      | Reached XP level 1. HP: 19/19 MP: 0/0
   346 | D:1      | Reached XP level 2. HP: 25/27 MP: 1/1
   381 | D:1      | Reached skill level 1 in Shields
   610 | D:1      | Reached ** piety under Trog
   611 | D:1      | Reached XP level 3. HP: 33/33 MP: 2/2
   959 | D:1      | Found a faded altar of an unknown god.
  1487 | D:2      | Reached XP level 4. HP: 39/41 MP: 3/3
  2452 | D:3      | Reached XP level 5. HP: 44/47 MP: 4/4
  2816 | D:4      | Found a stormy altar of Qazlal.
  2832 | D:4      | Reached skill level 5 in Fighting
  3161 | D:4      | Reached skill level 5 in Axes
  3229 | D:4      | Reached *** piety under Trog
  3257 | D:4      | Noticed an ogre
  3265 | D:4      | Killed an ogre
  3266 | D:4      | Reached XP level 6. HP: 56/56 MP: 5/5
  3564 | D:4      | Noticed Ijyb
  3576 | D:4      | Killed Ijyb
  3906 | D:4      | Found a hazy altar of Hepliaklqana.
  3961 | D:5      | Entered Level 5 of the Dungeon
  4038 | D:5      | Noticed a wraith
  4266 | D:5      | Reached skill level 5 in Armour
  4266 | D:5      | Reached XP level 7. HP: 48/62 MP: 6/6
  4511 | D:5      | Killed a wraith
  5150 | D:6      | Reached skill level 5 in Shields
  5381 | D:6      | Reached XP level 8. HP: 20/71 MP: 7/7
  6680 | D:6      | Found a hide-covered altar of Uskayaw.
  6680 | D:6      | Found a snail-covered altar of Cheibriados.
  7339 | D:7      | Noticed Pikel
  7357 | D:7      | Killed Pikel
  7701 | D:7      | Found a burning altar of Makhleb.
  7752 | D:7      | Found a staircase to the Ecumenical Temple.
  7773 | D:7      | Reached XP level 9. HP: 76/81 MP: 8/8
  9735 | D:7      | HP: 1/82 [something (21)]
  9737 | D:7      | Slain by a shadow

Illustrated notes

Levels and vault maps discovered:
D:1:      nagdon_arrival_double_spiral, layout_basic,
          hellmonk_ecumenical_altar_defaced_shrine, serial_glass,
          glass_columns_a, glass_columns_b, fountainhead,
          hangedman_feature_mirror
D:2:      layout_basic, minmay_tromino_v4_a
D:3:      layout_rooms
D:4:      kennysheep_goblin_castle, layout_rooms,
          mainiacjoe_overflow_catch_the_wave
D:5:      layout_basic
D:6:      layout_gridville, nicolae_overflow_squiral, lightli_orcish_oven
D:7:      minmay_blocky_corners, layout_basic, mainiacjoe_overflow_brackets,
          minmay_temple_entry_statues_fountains, kennysheep_diamond, uniq_pikel

Skill      XL: |  1  2  3  4  5  6  7  8  9 |
---------------+----------------------------+-----
Shields        | 1 2 3 4 5 6 8 |  8.0
Axes           | 4 5 6 7 8 |  8.9
Fighting       | 4 5 6 7 8 |  8.9
Armour         | 3 4 5 6 7 8 |  8.5
Dodging        | |  2.1

Action                   |  1- 3 |  4- 6 |  7- 9 || total
-------------------------+-------+-------+-------++-------
Melee: Hand axe          |    94 |   119 |       ||   213
       Headbutt          |    10 |    26 |    41 ||    77
       War axe           |       |    13 |   179 ||   192
       Punch             |       |       |     3 ||     3
Invok: Berserk           |       |     1 |     7 ||     8
       Trog's Hand       |       |     1 |     5 ||     6
  Use: Scroll            |       |     5 |     5 ||    10
       Potion            |       |     1 |     2 ||     3
Armor: Animal skin       |     4 |       |       ||     4
       Leather armour    |    29 |       |       ||    29
       Scale mail        |     4 |    59 |    68 ||   131
Dodge: Dodged            |    55 |    87 |    79 ||   221
Block: Other             |       |       |    38 ||    38
       Reflection        |       |       |     4 ||     4

Table legend: (Time is in decaauts)
 A = Elapsed time spent in this place.
 B = Non-inter-level travel time spent in this place.
 C = Inter-level travel time spent in this place.
 D = Time resting spent in this place.
 E = Time spent auto-exploring this place.
 F = Levels seen in this place.
 G = Mean time per level.
                   A        B        C        D        E       F      G
               +--------+--------+--------+--------+--------+-----+--------+
         Total |   9903 |   9816 |     87 |   3459 |   4399 |   7 | 1414.7 |
       Dungeon |   9903 |   9816 |     87 |   3459 |   4399 |   7 | 1414.7 |
               +--------+--------+--------+--------+--------+-----+--------+

Top non-repeatable levels by time:
     D:7: 2536 daAuts
     D:6: 2140 daAuts
     D:2: 1249 daAuts
     D:5: 1163 daAuts
     D:1: 1136 daAuts
     D:4: 915 daAuts
     D:3: 762 daAuts
